 Dungeon Crawl Stone Soup version 0.30.0-18-gc0e69614cb (webtiles) character file.

Game seed: 18025209699266670306

32 Darkkill the Shooter (level 3, -3/31 HPs)
             Began as a Minotaur Hunter on May 24, 2023.
             Slain by an iguana (9 damage)
             ... on level 2 of the Dungeon.
             The game lasted 00:00:35 (1005 turns).

Darkkill the Shooter (Minotaur Hunter)              Turns: 1005, Time: 00:00:36

Health: -3/31      AC:  3    Str: 15    XL:     3   Next: 10%
Magic:  2/2        EV: 12    Int:  6    God:
Gold:   56         SH:  0    Dex: 15    Spells: 2/2 levels left

rFire   . . .        a - +0 shortbow
rCold   . . .        (shield currently unavailable)
rNeg    . . .        c - +0 leather armour
rPois   .            (helmet restricted)
rElec   .            (no cloak)
rCorr   .            (no gloves)
SInv    .            (no boots)
Will    .....        (no amulet)
Stlth   ++           (no ring)
HPRegen 0.25/turn    (no ring)
MPRegen 0.08/turn

%: no passive effects
@: no status effects
A: horns 2, retaliatory headbutt
a: no special abilities


You were on level 2 of the Dungeon.
You visited 1 branch of the dungeon, and saw 2 of its levels.

You collected 56 gold pieces.

Inventory:

Hand Weapons
 a - a +0 shortbow (weapon)
Missiles
 g - 15 stones
 j - 4 poisoned darts
Armour
 c - a +0 leather armour (worn)
Scrolls
 b - a scroll of immolation
 d - a scroll of teleportation
Potions
 e - a potion of cancellation {unknown}
 f - a potion of lignification {unknown}
 h - a potion of resistance
 i - a potion of brilliance {unknown}
 k - a potion of attraction {unknown}
 l - a potion of curing {unknown}


   Skills:
 + Level 3.0 Fighting
 + Level 4.7 Ranged Weapons
 + Level 2.7 Dodging
 + Level 1.4 Stealth


You had 2 spell levels left.
You didn't know any spells.
Your spell library was empty.

Dungeon Overview and Level Annotations

Branches:
Dungeon (2/15)

Altars:


Innate Abilities, Weirdness & Mutations

You have a pair of horns on your head.
You reflexively headbutt those who attack you in melee.


Message History

You shoot an arrow.
The arrow hits the rat but does no damage.
A rat is nearby!
You shoot an arrow. The arrow hits the rat.
You kill the rat!
A hobgoblin comes into view.
A hobgoblin is nearby!
You shoot an arrow. The hobgoblin shouts!
The arrow hits the hobgoblin.
The hobgoblin is severely wounded.
A hobgoblin is nearby!
You shoot an arrow.
The arrow hits the hobgoblin but does no damage.
The hobgoblin is severely wounded.
The hobgoblin throws a stone.
The stone closely misses you.
A hobgoblin is nearby!
You shoot an arrow. The arrow hits the hobgoblin.
You kill the hobgoblin!
You have reached level 3!
Your experience leads to an increase in your attributes!
Increase (S)trength, (I)ntelligence, or (D)exterity?
You feel agile. x2
No target in view!
You now have 56 gold pieces (gained 14).
A bat comes into view.
Things that are here:
9 stones; a +0 leather armour; a hobgoblin corpse You shoot an arrow.
The arrow closely misses the bat.
A bat is nearby!
You shoot an arrow. The arrow closely misses the bat.
The bat closely misses you. You furiously retaliate!
You headbutt the bat.
You kill the bat!
Your Fighting skill increases to level 3!
g - 15 stones (gained 9)
Things that are here:
a +0 leather armour; a hobgoblin corpse You enter the shallow water.
Moving in this stuff is going to be slow.
A goblin comes into view. It is wielding a +0 club.
A goblin is nearby!
You shoot an arrow. The arrow closely misses the goblin.
The goblin shouts!
A kobold comes into view. It is wielding a +0 short sword.
You shoot an arrow. The kobold shouts!
The arrow hits the goblin.
You kill the goblin!
You hear a shout!
A kobold is nearby!
You shoot an arrow. The arrow hits the kobold!
You kill the kobold!
You hear a splash.
l - an amethyst potion A kobold comes into view.
It is wielding a +0 club.
You shoot an arrow. The arrow hits the kobold.
You kill the kobold!
You hear a splash. x2
An iguana comes into view.
Your line of fire to the iguana is blocked by a plant.
An iguana is nearby!
Your line of fire to the iguana is blocked by a plant.
Your line of fire to the iguana is blocked by a plant.
An iguana is nearby!
You enter the shallow water.
Moving in this stuff is going to be slow.
The iguana hisses angrily.
You shoot an arrow. The arrow completely misses the iguana.
The arrow hits the plant.
The plant begins to die.
The plant is lightly damaged.
You shoot an arrow. The arrow barely misses the iguana.
The arrow hits the plant.
The plant is lightly damaged.
You shoot an arrow.
The arrow hits the iguana but does no damage.
You shoot an arrow. The arrow hits the iguana.
The iguana is lightly wounded.
A nearby plant withers and dies.
The iguana bites you.
You shoot an arrow. The arrow hits the iguana!
The iguana is heavily wounded.
The iguana splashes around in the water.
You shoot an arrow.
The arrow hits the iguana but does no damage.
The iguana is heavily wounded.
The iguana barely misses you.
You shoot an arrow.
The arrow hits the iguana but does no damage.
The iguana is heavily wounded.
The iguana bites you. The iguana bites you!
You are too injured to fight recklessly!
You shoot an arrow. The arrow hits the iguana.
The iguana is almost dead.
The iguana bites you.
You shoot an arrow.
The arrow hits the iguana but does no damage.
The iguana is almost dead.
The iguana bites you!
* * * LOW HITPOINT WARNING * * *
You shoot an arrow. The arrow closely misses the iguana.
The iguana bites you!
You die...

#....~≈≈~≈...#
#..~.~≈≈P~~..#
#..~~≈≈≈P~...#
#...~≈≈~~....
#...~≈~.~~.#.
#...~~~~~....
#...~~~~..#.#
##..~l≈).....
#...~@≈P~....
#....~≈)..#..
#..~P~≈~~.#
#...~≈≈)..#
#...~≈≈~~...
#...~≈≈P~.#..
#..~P≈≈~..# #
#...≈≈≈P...
#...≈≈≈~~..


You could see an iguana.

Vanquished Creatures
  An adder (D:2)
  2 giant cockroaches (D:2)
  2 goblins
  3 hobgoblins
  A quokka (D:1)
  3 ball pythons
  4 bats
  2 frilled lizards (D:1)
  2 kobolds (D:2)
  3 rats
23 creatures vanquished.

Notes
Turn   | Place    | Note
-------+----------+-------------------------------------------
     0 | D:1      | Darkkill the Minotaur Hunter began the quest for the Orb.
     0 | D:1      | Reached XP level 1. HP: 18/18 MP: 0/0
   236 | D:1      | Reached skill level 1 in Stealth
   305 | D:1      | Reached XP level 2. HP: 25/25 MP: 1/1
   944 | D:2      | Reached XP level 3. HP: 30/30 MP: 2/2
  1004 | D:2      | HP: 5/31 [iguana (8)]
  1005 | D:2      | Slain by an iguana

Illustrated notes

Levels and vault maps discovered:
D:1:      lightli_arrival_flooded_house, layout_basic
D:2:      layout_loops_ring, chequers_ecumenical_altar_twisty,
          grunt_ministairs_11, chequers_big_river

Skill      XL: |  1  2  3 |
---------------+----------+-----
Stealth        | 1 |  1.4
Fighting       | 3 |  3.0
Ranged Weapons | |  4.7
Dodging        | |  2.7

Action                     || total
---------------------------++-------
   Fire: Shortbow          ||    61
    Use: Scroll            ||     3
 Armour: Leather armour    ||     1
  Dodge: Dodged            ||    10

Levels and vault maps discovered:
D:1:      lightli_arrival_flooded_house, layout_basic
D:2:      layout_loops_ring, chequers_ecumenical_altar_twisty,
          grunt_ministairs_11, chequers_big_river

Table legend: (Time is in decaauts)
 A = Elapsed time spent in this place.
 B = Non-inter-level travel time spent in this place.
 C = Inter-level travel time spent in this place.
 D = Time resting spent in this place.
 E = Time spent auto-exploring this place.
 F = Levels seen in this place.
 G = Mean time per level.
                   A        B        C        D        E       F      G
               +--------+--------+--------+--------+--------+-----+--------+
         Total |   1024 |    893 |    131 |      2 |    768 |   2 |  512.0 |
       Dungeon |   1024 |    893 |    131 |      2 |    768 |   2 |  512.0 |
               +--------+--------+--------+--------+--------+-----+--------+

Top non-repeatable levels by time:
     D:1: 849 daAuts
     D:2: 174 daAuts

Table legend:
 A = Kills in this place as a percentage of kills in the entire game.
 B = Kills by you in this place as a percentage of kills by you in the entire game.
 C = Kills by friends in this place as a percentage of kills by friends in the entire game.
 D = Other kills in this place as a percentage of other kills in the entire game.
 E = Experience gained in this place as a percentage of experience gained in the entire game.
 F = Experience gained in this place divided by the number of levels of this place that you have seen.
                   A       B       C       D       E      F
               +-------+-------+-------+-------+-------+----------------------
         Total | 100.0 | 100.0 |   N/A |   N/A | 100.0 |  23.5
       Dungeon | 100.0 | 100.0 |   N/A |   N/A | 100.0 |  23.5
               +-------+-------+-------+-------+-------+----------------------
